 Dungeon Crawl Stone Soup version 0.28-a0-925-gd5e1996cdb (webtiles) character file.

Game seed: 10986897685531233850

272 HessuHobo the Chopper (level 6, -9/84 HPs)
             Began as a Minotaur Berserker on Nov 25, 2021.
             Was a Believer of Trog.
             Mangled by an ogre (20 damage)
             ... on level 4 of the Dungeon.
             The game lasted 00:08:55 (4612 turns).

HessuHobo the Chopper (Minotaur Berserker)          Turns: 4612, Time: 00:08:56

Health: -9/84      AC:  9    Str: 24    XL:     6   Next: 2%
Magic:  5/5        EV:  8    Int:  4    God:    Trog [**....]
Gold:   116        SH:  0    Dex:  9    Spells: 5/5 levels left

rFire   . . .      SeeInvis .   a - +0 hand axe
rCold   . . .      Faith    .   (no shield)
rNeg    . . .      Spirit   .   r - +0 chain mail
rPois   .          Reflect  .   (helmet restricted)
rElec   .          Harm     .   (no cloak)
rCorr   .          Rampage  .   (no gloves)
Will    .....                   (no boots)
Stlth   ..........              (no amulet)
HPRegen 0.24/turn               (no ring)
MPRegen 0.09/turn               (no ring)

@: berserking, very quick
A: horns 2, retaliatory headbutt
a: Renounce Religion, Berserk, Trog's Hand


You were on level 4 of the Dungeon.
You worshipped Trog.
Trog was pleased with you.
You visited 1 branch of the dungeon, and saw 4 of its levels.

You collected 116 gold pieces.

Inventory:

Hand Weapons
 a - a +0 hand axe (weapon)
 g - a +0 dagger of venom
 k - a +0 dagger of distortion
Armour
 b - a +0 animal skin
 i - a +0 helmet
 l - a +0 scale mail
 r - a +0 chain mail (worn)
Scrolls
 c - a scroll of teleportation {unknown}
 h - 2 scrolls of identify {unknown}
 m - a scroll of noise {unknown}
 n - a scroll of fog {unknown}
 p - a scroll of blinking {unknown}
 q - a scroll of enchant armour {unknown}
Potions
 d - a potion of might {unknown}
 e - 2 potions of curing {unknown}
 f - a potion of heal wounds {unknown}
 j - a potion of resistance {unknown}
 o - 2 potions of cancellation {unknown}
 s - a potion of degeneration {unknown}


   Skills:
 + Level 5.4 Fighting
 + Level 6.2 Axes
 + Level 4.0 Armour
 - Level 2.1 Dodging


You had 5 spell levels left.
You didn't know any spells.
Your spell library contained the following spells:

 Spells                   Type           Power      Damage    Failure   Level
 Blink                    Tloc           0%         N/A       99%         2
 Manifold Assault         Tloc           0%         N/A       100%        5
 Storm Form               Tmut/Air       0%         N/A       100%        7


Dungeon Overview and Level Annotations

Branches:
Dungeon (4/15)
 Temple: D:4-7

Altars:
Yredelemnul

Shops:
D:3 *


Innate Abilities, Weirdness & Mutations

You have a pair of horns on your head.
You reflexively headbutt those who attack you in melee.


Message History

The floor.
Found a stone staircase leading down.
A water moccasin skeleton comes into view.
An ogre comes into view. It is wielding a +0 giant spiked club.
Found a scroll labelled HYOZEGAIFF.
The ogre shouts!
The water moccasin skeleton completely misses you.
You hit the water moccasin skeleton.
You headbutt the water moccasin skeleton.
The water moccasin skeleton is moderately damaged.
The water moccasin skeleton barely misses you.
You furiously retaliate!
You headbutt the water moccasin skeleton.
You hit the ogre.
The ogre is lightly wounded.
You slash the water moccasin skeleton! The water moccasin skeleton bites you.
The ogre hits you with a +0 giant spiked club!!
The water moccasin skeleton bites you.
You hit the ogre.
The ogre is lightly wounded.
You hit the water moccasin skeleton.
The water moccasin skeleton bites you but does no damage.
You hit the ogre but do no damage. You headbutt the ogre.
The ogre is moderately wounded.
You hit the water moccasin skeleton but do no damage.
The ogre barely misses you. The water moccasin skeleton misses you.
You furiously retaliate!
You headbutt the water moccasin skeleton!
You slash the ogre!
The ogre is heavily wounded.
You hit the water moccasin skeleton but do no damage.
The water moccasin skeleton bites you but does no damage.
The ogre hits you with a +0 giant spiked club!!
* * * LOW HITPOINT WARNING * * *
A red film seems to cover your vision as you go berserk!
You feel yourself moving faster!
You feel mighty! The water moccasin skeleton bites you.
* * * LOW HITPOINT WARNING * * *
The ogre hits you with a +0 giant spiked club!!
You die...

### #.##### ##
##..##.## ##.#
#.......### #.?.###
##......>.#
#...#.#####.........#
##.....#.##........##
#...................##
#...O@........#..#(...
##..Z..###...#####....
#.....## ##...........
......... ............
......$.. .##.........
#......###
..#......... ###.##.
##..........# .. ..
..........##
...........)


You could see an ogre and a water moccasin skeleton.

Vanquished Creatures
  An ice beast (D:4)
  A bullfrog skeleton (D:4)
  An iguana (D:3)
  3 adders
  2 adder skeletons
  A worm (D:3)
  3 dart slugs
  7 bats
  7 endoplasms
  2 giant cockroaches
  6 goblins
  7 hobgoblins
  12 jackals
  3 quokkas (D:2)
  9 ball pythons
  6 frilled lizards
  4 kobolds
  8 rats
83 creatures vanquished.

Notes
Turn   | Place    | Note
-------+----------+-------------------------------------------
     0 | D:1      | HessuHobo the Minotaur Berserker began the quest for the
                  | Orb.
     0 | D:1      | Reached XP level 1. HP: 19/19 MP: 0/0
   316 | D:1      | Reached skill level 4 in Axes
   316 | D:1      | Reached XP level 2. HP: 27/27 MP: 1/1
   585 | D:1      | Found a faded altar of an unknown god.
  1048 | D:1      | Reached ** piety under Trog
  1049 | D:1      | Reached XP level 3. HP: 32/33 MP: 2/2
  2697 | D:2      | Reached XP level 4. HP: 41/41 MP: 3/3
  3094 | D:2      | Reached skill level 5 in Axes
  3516 | D:3      | Found a basalt altar of Yredelemnul.
  3698 | D:3      | Reached skill level 5 in Fighting
  3738 | D:3      | Reached XP level 5. HP: 43/48 MP: 4/4
  3812 | D:3      | Found Seoboigi's Assorted Antiques.
  4385 | D:4      | Noticed an ice beast
  4400 | D:4      | Killed an ice beast
  4401 | D:4      | Reached skill level 6 in Axes
  4402 | D:4      | Reached XP level 6. HP: 53/56 MP: 5/5
  4612 | D:4      | Mangled by an ogre

Illustrated notes

Levels and vault maps discovered:
D:1:      pf_arrival_petrified_forest, layout_loops_corners,
          hellmonk_ecumenical_altar_arch_garden
D:2:      wad_river_or_something, layout_loops_corners
D:3:      layout_loops_ring, mainiacjoe_overflow_catwalk, serial_shops,
          nicolae_shop_crystal
D:4:      layout_cave_pools, serial_column_ruins,
          column_ruins_corridor_straight, column_ruins_open_medium,
          column_ruins_columns_corner, column_ruins_grid_2

Skill      XL: |  1  2  3  4  5 |
---------------+----------------+-----
Fighting       | 4 5 |  5.4
Axes           | 4 5 6 |  6.2
Armour         | 3 4 |  4.0
Dodging        | |  2.1

Action                   |  1- 3 |  4- 6 || total
-------------------------+-------+-------++-------
Melee: Hand axe          |   127 |    74 ||   201
       Headbutt          |    11 |    15 ||    26
Invok: Berserk           |     1 |     2 ||     3
 Stab: Sleeping          |     1 |       ||     1
Armor: Animal skin       |    22 |       ||    22
       Scale mail        |     8 |    36 ||    44
       Chain mail        |       |    13 ||    13
Dodge: Dodged            |    83 |    36 ||   119

Table legend: (Time is in decaauts)
 A = Elapsed time spent in this place.
 B = Non-inter-level travel time spent in this place.
 C = Inter-level travel time spent in this place.
 D = Time resting spent in this place.
 E = Time spent auto-exploring this place.
 F = Levels seen in this place.
 G = Mean time per level.
                   A        B        C        D        E       F      G
               +--------+--------+--------+--------+--------+-----+--------+
         Total |   4650 |   4324 |    326 |   1218 |   2572 |   4 | 1162.5 |
       Dungeon |   4650 |   4324 |    326 |   1218 |   2572 |   4 | 1162.5 |
               +--------+--------+--------+--------+--------+-----+--------+

Top non-repeatable levels by time:
     D:1: 1775 daAuts
     D:2: 1725 daAuts
     D:3: 1020 daAuts
     D:4: 128 daAuts
